 Dungeon Crawl Stone Soup version 0.23.2-40-g277498a001 (webtiles) character file.

Game seed: 16046312353285503185

393 Fairytaker the Magician (level 6, -7/41 HPs)
             Began as a Mummy Fire Elementalist on Aug 23, 2019.
             Killed by divine providence
             ... invoked by an orc priest
              (12 damage)
             ... on level 3 of the Dungeon.
             The game lasted 00:15:19 (4219 turns).

Fairytaker the Magician (Mummy Fire Elementalist)   Turns: 4219, Time: 00:15:25

Health: -7/41      AC:  2    Str: 11    XL:     6   Next: 51%
Magic:  6/12       EV: 12    Int: 16    God:
Gold:   222        SH:  0    Dex: 13    Spells: 8/13 levels left

rFire    . . .     SeeInvis .   o - +0 falchion (slice)
rCold    + + .     Gourm    .   (no shield)
rNeg     + + +     Faith    .   a - +0 robe
rPois    ∞         Spirit   .   (no helmet)
rElec    .         Reflect  .   j - scarf {rC+ rF+}
rCorr    .         Harm     .   (no gloves)
MR       +....                  (no boots)
Stlth    ++........             (no amulet)
HPRegen  0.13/turn              h - ring of protection from magic
MPRegen  0.13/turn              (no ring)

@: no status effects
A: no food or potions, fire vulnerability, cold resistance 1, negative energy
resistance 3, torment resistance, unbreathing
a: no special abilities


You were on level 3 of the Dungeon.
You were not hungry.

You visited 1 branch of the dungeon, and saw 3 of its levels.

You collected 222 gold pieces.

Inventory:

Hand Weapons
 b - a cursed +0 dagger
 c - a +0 dagger
 k - a +1 dagger of draining
 m - a +1 hand axe of flaming
 n - a +0 dagger
 o - a +0 falchion of slicing (weapon)
Missiles
 e - 123 stones (quivered)
 p - 4 tomahawks
Armour
 a - a +0 robe (worn)
 j - a scarf of resistance (worn)
 l - quicksilver dragon scales
Jewellery
 h - a ring of protection from magic (left hand)
Scrolls
 d - a scroll of random uselessness {unknown}
 f - a scroll of remove curse {unknown}
 g - 2 scrolls of magic mapping
 i - a scroll of blinking {unknown}


   Skills:
 - Level 1.5 Dodging
 - Level 1.5 Stealth
 + Level 4.1 Spellcasting
 * Level 4.0 Conjurations
 * Level 4.0 Fire Magic


You had 8 spell levels left.
You knew the following spells:

 Your Spells              Type           Power        Failure   Level  Hunger
a - Flame Tongue          Conj/Fire      ###..        3%          1    N/A
b - Sticky Flame          Conj/Fire      ###.....     32%         4    N/A

Your spell library contained the following spells:

 Spells                   Type           Power        Failure   Level  Hunger
 Throw Flame              Conj/Fire      ###...       4%          2    N/A
 Conjure Flame            Conj/Fire      ###.....     10%         3    N/A
 Inner Flame              Hex/Fire       #.......     22%         3    N/A
 Fireball                 Conj/Fire      ###.......   65%         5    N/A

Dungeon Overview and Level Annotations

Branches:
Dungeon (3/15)

Altars:
Okawaru

Annotations:
D:3 Grinder


Innate Abilities, Weirdness & Mutations

You do not eat or drink.
Your flesh is vulnerable to fire.
You are immune to poison.
Your flesh is cold resistant. (rC+)
You are immune to negative energy. (rN+++)
You are immune to unholy pain and torment.
You can survive without breathing.


Message History

Grinder burns!
Grinder misses you.
Casting: Flame Tongue (safe; 3% risk of failure)
Confirm with . or Enter, or press ? or * to list all spells.
Aiming: Flame Tongue (safe; 3% risk of failure)
Press: ? - help, Shift-Dir - straight line, f/p - Grinder
Aim: Grinder (heavily wounded, covered in liquid flames)
The flame tongue hits Grinder!
Grinder is severely wounded.
Grinder burns!
Grinder hits you!
* * * LOW HITPOINT WARNING * * *
Grinder burns!
Grinder burns!
Grinder blinks!
Grinder burns!
Grinder stops burning.
As you read the scroll labeled ZUBUUKKEESU, it crumbles to dust.
You feel momentarily disoriented.
It was a scroll of magic mapping.
The orc hits you.
* * * LOW HITPOINT WARNING * * *
The orc priest calls down the wrath of Beogh upon you.
Beogh smites you!
You die...

..# #.##................... ..#
####.##...............#### ..#
#.....#...............# # ..#
#.....#...............# # ..#
#.....#...............# # ..#
#.....###.....#####...# # ..###
#.....# #.....# #...# # ....#
#.....# #.....# #...# # ..#.##
#.....# #@....# ######### ###..#
#.....# #o5...# #........
##.###.....###.....####........
#..##.......o...........%.....
####.##.÷...............########
##.....#.................# #<# #
.#...#.####'#............# #.#
.#...#..# #.#............# #.#
.#...##.# #.#............# #.#


You could see Grinder, an orc priest and an orc.

Vanquished Creatures
  Sigmund (D:3)
  An orc wizard (D:2)
  Ijyb (D:3)
  Jessica (D:2)
  6 adders
  3 dart slugs
  3 leopard geckos
  8 orcs
  2 ball pythons
  2 giant cockroaches
  13 goblins
  4 hobgoblins
  3 jackals (D:3)
  13 kobolds
  7 bats
  6 frilled lizards
  6 rats
  A plant (D:1)
81 creatures vanquished.

Notes
Turn   | Place    | Note
-------+----------+-------------------------------------------
     0 | D:1      | Fairytaker the Mummy Fire Elementalist began the quest for
                  | the Orb.
     0 | D:1      | Reached XP level 1. HP: 13/13 MP: 4/4
    93 | D:1      | Reached skill level 1 in Conjurations
   221 | D:1      | Reached XP level 2. HP: 19/19 MP: 0/5
   958 | D:1      | Reached XP level 3. HP: 24/24 MP: 2/7
  1597 | D:2      | Noticed Jessica
  1602 | D:2      | Killed Jessica
  1602 | D:2      | Reached XP level 4. HP: 30/30 MP: 5/8
  1633 | D:2      | Learned a level 4 spell: Sticky Flame
  2423 | D:3      | Noticed Grinder
  2423 | D:3      | Noticed Ijyb
  2689 | D:3      | Reached XP level 5. HP: 34/35 MP: 1/10
  2817 | D:3      | Noticed Sigmund
  3638 | D:3      | Killed Sigmund
  3638 | D:3      | Reached XP level 6. HP: 40/41 MP: 0/12
  3837 | D:3      | Found an iron altar of Okawaru.
  3918 | D:3      | Killed Ijyb
  4219 | D:3      | Killed from afar by an orc priest

Skill      XL: |  1  2  3  4  5  6 |
---------------+-------------------+-----
Conjurations   | 1 2 3 4 |  4.0
Spellcasting   | 3 4 |  4.1
Fire Magic     | 3 4 |  4.0
Dodging        | |  1.5
Stealth        | |  1.5

Action                   |  1- 3 |  4- 6 || total
-------------------------+-------+-------++-------
Melee: Unarmed           |    32 |       ||    32
       Dagger            |   136 |       ||   136
       Falchion          |       |    19 ||    19
Throw: Stone             |     1 |    17 ||    18
 Cast: Flame Tongue      |    49 |    93 ||   142
       Sticky Flame      |       |     4 ||     4
  Use: Scroll            |       |     1 ||     1
 Stab: Sleeping          |       |     1 ||     1
Armor: Robe              |     5 |    12 ||    17
Dodge: Dodged            |    32 |    59 ||    91
       Rpst.: Falchion   |       |     5 ||     5
